 Dungeon Crawl Stone Soup version 0.19-a0-599-g723c685 (webtiles) character file.

756 pk666 the Skirmisher (level 7, -3/64 HPs)
             Began as a Minotaur Berserker on June 11, 2016.
             Was an Elder of Trog.
             Shot with an arrow by a centaur (4 damage)
             ... on level 5 of the Dungeon.
             The game lasted 00:08:30 (4086 turns).

pk666 the Skirmisher (Minotaur Berserker)           Turns: 4086, Time: 00:08:33

Health: -3/64      AC: 11    Str: 24    XL:     7   Next: 50%
Magic:  6/6        EV: 10    Int:  4    God:    Trog [****..]
Gold:   213        SH:  0    Dex:  9    Spells: 0 memorised, 6 levels left

rFire  . . .     SeeInvis .     a - +0 hand axe
rCold  . . .     Gourm    .     C - +0 chain mail
rNeg   . . .     Faith    .     (no shield)
rPois  .         Spirit   .     (helmet restricted)
rElec  .         Dismiss  .     (no cloak)
rCorr  .         Reflect  .     z - +0 pair of gloves
SustAt .         Harm     .     (no boots)
MR     .....                    (no amulet)
Stlth  ..........               (no ring)
                                i - ring of loudness (curse)

@: not resistant to hostile enchantments, extremely unstealthy
A: retaliatory headbutt, horns 2
a: Berserk, Trog's Hand, Brothers in Arms, Burn Spellbooks, Renounce Religion


You were on level 5 of the Dungeon.
You worshipped Trog.
Trog was greatly pleased with you.
You were not hungry.

You visited 1 branch of the dungeon, and saw 5 of its levels.

You collected 213 gold pieces.

Inventory:

Hand Weapons
 a - a +0 hand axe (weapon)
Armour
 p - a +0 scale mail
 z - a +0 pair of gloves (worn)
 C - a +0 chain mail (worn)
Jewellery
 i - a cursed ring of loudness (left hand)
Wands
 x - a wand of enslavement (9/24)
 F - a wand of flame (0/48)
Scrolls
 d - 2 scrolls of teleportation {unknown}
 e - 2 scrolls of enchant weapon {unknown}
 k - 2 scrolls of magic mapping {unknown}
 l - 3 scrolls of fog {unknown}
 m - 2 scrolls of remove curse {unknown}
 t - a scroll of amnesia {unknown}
 v - 3 scrolls of enchant armour {unknown}
 w - 3 scrolls of identify {unknown}
 y - a scroll of recharging {unknown}
Potions
 b - a potion of cancellation {unknown}
 f - a potion of brilliance
 g - 2 potions of ambrosia
 h - a potion of lignification {unknown}
 j - a potion of curing {unknown}
 n - a potion of cure mutation {unknown}
 o - 3 potions of degeneration {unknown}
 q - a potion of haste {unknown}
 s - a potion of agility {unknown}
 u - 2 potions of might {unknown}
 A - a potion of berserk rage {unknown}
 B - a potion of invisibility {unknown}
Comestibles
 c - 4 bread rations
 r - 4 meat rations
 D - 3 chunks of flesh
 E - a beef jerky


   Skills:
 + Level 6.3 Fighting
 + Level 5.7 Axes
 + Level 5.7 Armour
 + Level 5.0 Dodging


You had 6 spell levels left.
You didn't know any spells.

Dungeon Overview and Level Annotations

Branches:
Dungeon (5/15)
 Temple: D:4-7

Altars:
Makhleb
Nemelex Xobeh
Vehumet


Innate Abilities, Weirdness & Mutations

You reflexively headbutt those who attack you in melee.
You have a pair of horns on your head.


Message History

You hit the shadow imp but do no damage.
The shadow imp is moderately wounded.
You feel less exhausted.
The shadow imp hits you but does no damage.
Your chain mail prevents you from hitting the shadow imp.
The shadow imp is moderately wounded.
The shadow imp barely misses you.
You barely miss the shadow imp. Your headbutt misses the shadow imp.
The shadow imp is moderately wounded.
The shadow imp shouts, "Flounder, thou dissembling clapper-clawed walking sirloin!"
The shadow imp gestures at you. Pain shoots through your body!
* * * LOW HITPOINT WARNING * * *
You slash the shadow imp!
You kill the shadow imp!
Trog accepts your kill.
The centaur shoots an arrow.
The arrow hits you.
* * * LOW HITPOINT WARNING * * *
The centaur shoots an arrow.
The arrow hits you.
You die...

# # # ## ## ## ...
##. .## .###.....
#..# #..# #........
#...#...# .###.....
#.......# ## ...
#..#c#.%# ### #
#..#)#..# ..#
#...@...# ..#
##...(..#
..##############.####
............# #.#
..###..####.# #.# ..#
#..####.####.# ..#
#..#.........# ###
#...#.#.######
#.##.##.#


You could see a centaur.

Vanquished Creatures
  2 ogres
  A crimson imp (D:5)
  4 orc priests
  A jelly (D:4)
  3 orc wizards
  An iguana (D:4)
  Natasha (twice) (D:4)
  A worker ant (D:4)
  11 adders
  A gnoll (D:1)
  A shadow imp (D:5)
  4 oozes
  A worm (D:2)
  8 orcs
  6 giant cockroaches
  8 goblins
  12 hobgoblins
  12 kobolds
  3 quokkas
  A ball python (D:3)
  8 bats
  5 giant newts
  7 rats
103 creatures vanquished.

Notes
Turn   | Place    | Note
--------------------------------------------------------------
     0 | D:1      | pk666 the Minotaur Berserker began the quest for the Orb.
     0 | D:1      | Reached XP level 1. HP: 19/19 MP: 0/0
   115 | D:1      | Reached XP level 2. HP: 20/27 MP: 1/1
   217 | D:1      | Found a sparkling altar of Nemelex Xobeh.
   272 | D:1      | Reached skill level 4 in Fighting
   317 | D:1      | Reached XP level 3. HP: 33/33 MP: 2/2
   852 | D:2      | Reached ** piety under Trog
  1114 | D:2      | Reached XP level 4. HP: 35/41 MP: 3/3
  1873 | D:3      | Found a sparkling altar of Nemelex Xobeh.
  1939 | D:3      | Reached XP level 5. HP: 47/47 MP: 4/4
  2131 | D:3      | Reached *** piety under Trog
  2554 | D:3      | Reached skill level 5 in Fighting
  3028 | D:4      | Reached XP level 6. HP: 52/56 MP: 5/5
  3124 | D:4      | Reached skill level 5 in Axes
  3349 | D:4      | Reached skill level 5 in Armour
  3408 | D:4      | Noticed Natasha
  3418 | D:4      | Killed Natasha
  3527 | D:4      | Noticed Natasha
  3531 | D:4      | Killed Natasha
  3531 | D:4      | Reached XP level 7. HP: 62/62 MP: 6/6
  3680 | D:5      | Entered Level 5 of the Dungeon
  3714 | D:5      | Found a radiant altar of Vehumet.
  3715 | D:5      | Found a burning altar of Makhleb.
  3728 | D:5      | Reached **** piety under Trog
  3728 | D:5      | Reached skill level 6 in Fighting
  4043 | D:5      | HP: 1/63 [ogre/giant spiked club (25)]
  4046 | D:5      | Reached skill level 5 in Dodging
  4086 | D:5      | HP: 1/64 [centaur/arrow (5)]
  4086 | D:5      | Shot with an arrow by a centaur

Vault maps used:
D:1:      sevenhm_arrival_forest_fort_small_6, serial_bayou_pond_a,
          grunt_decor_mini_mirrors
D:3:      lemuel_coloured_pillars_altar
D:4:      corexii_shack_village, kennysheep_generic_room_13, uniq_natasha
D:5:      kennysheep_windowed_halls, grunt_temple_overflow_lords_of_destruction,
          first_bread

Skill      XL: |  1  2  3  4  5  6  7 |
---------------+----------------------+-----
Fighting       | 4 5 6 |  6.3
Axes           | 4 5 |  5.7
Armour         | 3 4 5 |  5.7
Dodging        | 3 4 5 |  5.0

Action                   |  1- 3 |  4- 6 |  7- 9 || total
-------------------------+-------+-------+-------++-------
Melee: Hand axe          |    69 |   150 |    56 ||   275
       Headbutt          |    15 |    33 |     8 ||    56
Invok: Berserk           |       |       |     1 ||     1
  Use: Potion            |     2 |       |       ||     2
  Eat: Chunk             |     1 |     7 |     3 ||    11
Armor: Animal skin       |    13 |     3 |       ||    16
       Scale mail        |       |    41 |       ||    41
       Chain mail        |       |     6 |    28 ||    34
Dodge: Dodged            |    43 |    69 |    19 ||   131
